 Dungeon Crawl Stone Soup version 0.20.1-1-g8b1a95d (webtiles) character file.

1275 Irenicus the Cleaver (level 8, 0/70 HPs)
             Began as a Deep Dwarf Chaos Knight on Nov 3, 2017.
             Slain by a sky beast (5 damage)
             ... on level 6 of the Dungeon.
             The game lasted 00:11:03 (3442 turns).

Irenicus the Cleaver (Deep Dwarf Chaos Knight)      Turns: 3442, Time: 00:11:05

Health: 0/70       AC:  7    Str: 16    XL:     8   Next: 28%
Magic:  7/7        EV: 11    Int: 13    God:    Xom [.....*]
Gold:   197        SH:  0    Dex: 14    Spells: 7/7 levels left

rFire    + . .     SeeInvis .   a - +0 hand axe (chaos)
rCold    . . .     Gourm    .   (no shield)
rNeg     . . .     Faith    .   d - +1 leather armour {rF+}
rPois    .         Spirit   .   k - +0 helmet
rElec    .         Reflect  .   h - +0 cloak
rCorr    .         Harm     .   (no gloves)
MR       +....     Rnd*Tele +   (no boots)
Stlth    +.........             (no amulet)
Regen    0.0/turn               (no ring)
MPRegen  0.1/turn               (no ring)

@: non-regenerating
A: damage resistance, heal wounds, rugged brown scales 1, blurry vision 1, sense
surroundings 1, teleportitis 1, evolution 1, no regeneration
a: Heal Wounds, Renounce Religion


You were on level 6 of the Dungeon.
You worshipped Xom.
You were Xom's teddy bear.
You were hungry.

You visited 1 branch of the dungeon, and saw 6 of its levels.

You collected 197 gold pieces.

Inventory:

Hand Weapons
 a - a +0 hand axe of chaos (weapon)
 o - a +1 mace of protection
Armour
 b - a +2 leather armour
 d - a +1 leather armour of fire resistance (worn)
 h - a +0 cloak (worn)
 k - a +0 helmet (worn)
Scrolls
 e - a scroll of immolation {unknown}
 i - 6 scrolls of fear {unknown}
 j - 5 scrolls of identify {unknown}
 n - a scroll of amnesia {unknown}
 p - a scroll of recharging {unknown}
 r - a scroll of remove curse {unknown}
Potions
 f - a potion of magic
 g - a potion of haste
 m - a potion of curing
 q - a potion of agility
Comestibles
 c - 3 bread rations
 l - 2 meat rations


   Skills:
 - Level 2.6 Fighting
 + Level 11.3 Axes
 - Level 2.1 Armour
 - Level 1.1 Dodging


You had 7 spell levels left.
You didn't know any spells.

Dungeon Overview and Level Annotations

Branches:
Dungeon (6/15)             Temple (0/1) D:5

Altars:
Gozag
Qazlal
Ru
Vehumet
Xom

Annotations:
D:2 2 transporters


Innate Abilities, Weirdness & Mutations

You are resistant to damage.
You can heal yourself by infusing magical energy.
You passively map a small area around you.
You do not regenerate.
You are partially covered in rugged brown scales. (AC +1, +3% HP)
Scrolls take you a little longer to read.
You are occasionally teleported next to monsters.
You evolve.


Message History

Unknown command.
Things that are here:
an iguana corpse; a bullfrog corpse You miss something.
Something hits you but does no damage.
You miss something.
Something hits you but does no damage. x2
You miss something. Something hits you.
* * * LOW HITPOINT WARNING * * *
Something shocks you.
* * * LOW HITPOINT WARNING * * *
You miss something. Something hits you. Something shocks you.
* * * LOW HITPOINT WARNING * * *
You are feeling hungry.
You miss something. Something completely misses you.
You closely miss something.
A sky beast appears from thin air!
Reactivating autopickup.
The sky beast hits you.
* * * LOW HITPOINT WARNING * * *
The sky beast shocks you.
You die...
Xom snickers!

, * * ..*
,, .. * *
,, .#* * ,
** .. * *#[
#. #.####
#.Y@.#####
####...).#
#####.### .
#(Fl# *#.
###.###
**#.. #...#
....
###.###..#*
#.....#
#####<....#


You could see a sky beast.

Vanquished Creatures
  Pikel (D:5)
  A sky beast (D:5)
  A phantom (D:4)
  2 slaves (D:5)
  2 ogres
  A centaur (D:5)
  A bullfrog (D:6)
  A bullfrog skeleton (D:6)
  2 orc wizards (D:3)
  An iguana (D:6)
  3 worker ants
  3 gnolls (D:3)
  6 adders
  A shadow imp (D:3)
  2 oozes
  An adder skeleton (D:4)
  2 worms
  A dart slug (D:4)
  3 leopard geckos
  4 orcs (D:3)
  2 ball pythons
  4 giant cockroaches
  6 goblins
  5 hobgoblins
  4 jackals (D:3)
  A quokka (D:4)
  10 bats
  4 frilled lizards
  7 kobolds
  A leopard gecko skeleton (D:4)
  2 rats
85 creatures vanquished.

Notes
Turn   | Place    | Note
-------+----------+-------------------------------------------
     0 | D:1      | Irenicus the Deep Dwarf Chaos Knight began the quest for the Orb.
     0 | D:1      | Reached XP level 1. HP: 20/20 MP: 1/1
    50 | D:1      | XOM: harmless Summ miscast
    85 | D:1      | XOM: silly message
   234 | D:1      | XOM: noise
   259 | D:1      | XOM: 2-stop teleportation journey
   323 | D:1      | Reached skill level 4 in Axes
   323 | D:1      | Reached XP level 2. HP: 21/27 MP: 2/2
   672 | D:1      | XOM: 3-stop teleportation journey
   721 | D:1      | XOM: harmless Pois miscast
   789 | D:2      | XOM: 4-stop teleportation journey
   837 | D:2      | Noticed a wyvern
   838 | D:2      | Found a sacrificial altar of Ru.
   850 | D:2      | Found a transporter.
   857 | D:2      | Found a transporter.
  1042 | D:2      | Found a shimmering altar of Xom.
  1131 | D:2      | Reached XP level 3. HP: 25/33 MP: 3/3
  1383 | D:3      | Found a faded altar of an unknown god.
  1385 | D:3      | XOM: medium Necr miscast
  1386 | D:3      | Noticed a shadow
  1386 | D:3      | Noticed a shadow
  1389 | D:3      | XOM: polymorph orc -> frilled lizard
  1391 | D:3      | Reached skill level 5 in Axes
  1508 | D:3      | Reached XP level 4. HP: 12/40 MP: 4/4
  1554 | D:3      | XOM: noise
  1734 | D:3      | XOM: 1-stop teleportation journey
  1761 | D:3      | Reached skill level 6 in Axes
  1773 | D:3      | Reached XP level 5. HP: 32/46 MP: 5/5
  2134 | D:3      | Found a stormy altar of Qazlal.
  2219 | D:4      | Reached skill level 7 in Axes
  2250 | D:4      | XOM: 6-stop teleportation journey
  2251 | D:4      | Noticed a phantom
  2296 | D:4      | XOM: swap monsters
  2297 | D:4      | HP: 1/46 [phantom (2)]
  2316 | D:4      | XOM: 1-stop teleportation journey
  2368 | D:4      | XOM: mild Hex miscast
  2423 | D:4      | Reached XP level 6. HP: 36/55 MP: 5/5
  2443 | D:4      | XOM: scenery: create altars
  2577 | D:4      | XOM: medium Fire miscast
  2647 | D:4      | XOM: confusion
  2656 | D:4      | XOM: cleaving
  2668 | D:4      | XOM: enchant monster (bad)
  2782 | D:4      | HP: 1/55 [phantom (6)]
  2793 | D:4      | XOM: silly message
  2795 | D:4      | Reached skill level 8 in Axes
  2815 | D:5      | Entered Level 5 of the Dungeon
  2840 | D:5      | Noticed a slave
  2841 | D:5      | Noticed a slave
  2842 | D:5      | Noticed a slave
  2843 | D:5      | Noticed Pikel
  2852 | D:5      | Killed a slave
  2857 | D:5      | Noticed a slave
  2857 | D:5      | Killed a slave
  2862 | D:5      | XOM: scenery: create altars
  2873 | D:5      | HP: 1/55 [Pikel/whip of freezing (4)]
  2875 | D:5      | Killed Pikel
  2875 | D:5      | Reached skill level 9 in Axes
  2875 | D:5      | Reached XP level 7. HP: 1/61 MP: 6/6
  2890 | D:5      | Found a staircase to the Ecumenical Temple.
  2927 | D:5      | Reached skill level 10 in Axes
  2950 | D:5      | XOM: harmless Erth miscast
  2959 | D:5      | Found a radiant altar of Vehumet.
  3031 | D:5      | XOM: 1-stop teleportation journey
  3042 | D:5      | Found an opulent altar of Gozag.
  3046 | D:5      | XOM: 3-stop teleportation journey
  3339 | D:5      | Reached XP level 8. HP: 27/68 MP: 7/7
  3347 | D:5      | XOM: destruction
  3354 | D:5      | Gained mutation: You are occasionally teleported next to monsters. [mutagenic meat]
  3355 | D:5      | Gained mutation: You evolve. [mutagenic meat]
  3356 | D:5      | Gained mutation: Scrolls take you a little longer to read. [mutagenic meat]
  3357 | D:5      | Gained mutation: You are clumsy. (Dex -2) [mutagenic meat]
  3358 | D:5      | Gained mutation: You are partially covered in rugged brown scales. (AC +1, +3% HP) [mutagenic meat]
  3359 | D:5      | Lost mutation: You are clumsy. (Dex -2) [mutagenic meat]
  3403 | D:6      | XOM: noise
  3418 | D:6      | Reached skill level 11 in Axes
  3442 | D:6      | Slain by a sky beast

Skill      XL: |  1  2  3  4  5  6  7  8 |
---------------+-------------------------+-----
Axes           | 4 5 6 7 9 10 11 | 11.3
Fighting       | |  2.6
Armour         | |  2.1
Dodging        | |  1.1

Action                   |  1- 3 |  4- 6 |  7- 9 || total
-------------------------+-------+-------+-------++-------
Melee: Hand axe          |   127 |   188 |    52 ||   367
 Abil: Heal Wounds       |     1 |     4 |     2 ||     7
  Use: Potion            |     3 |     5 |       ||     8
 Stab: Petrified         |     7 |     1 |     6 ||    14
       Paralysed         |       |     5 |     3 ||     8
       Petrifying        |       |     1 |     1 ||     2
       Confused          |       |     1 |       ||     1
  Eat: Chunk             |     2 |     4 |     8 ||    14
Armor: Leather armour    |    50 |    56 |    13 ||   119
Dodge: Dodged            |    93 |    77 |    20 ||   190
